Map: Port Aleksander LE

Players

Future

  • Race: Terran Terran
  • League: Grandmaster
  • Spawn Location: 11:00

Tesla (Rob) - Winner!

  • Race: Protoss Protoss
  • League: Grandmaster
  • Spawn Location: 5:00

Event: Cheeseadelphia 8

VOD

Have the link to the VOD?

Description

Time

  • Played on: Dec. 9, 2018, 11 a.m.
  • Length: 10:06

All games in this series

Show
View Real Time Build Order
Export as new Build Order

Future Terran 

Build Orders:  

Get SALT Encoding   

  12  0:00  SCV  
  13  0:12  SCV  
  14  0:17  Supply Depot  
  14  0:25  SCV  
  15  0:39  SCV  
  15  0:40  Barracks  
  16  0:45  Refinery  
  16  0:51  SCV  
  17  1:03  SCV  
  18  1:15  SCV  
  19  1:28  Marine, Orbital Command  
  20  1:51  Command Center  
  20  1:52  Barracks Reactor  
  20  1:54  SCV  
  20  2:00  Barracks  
  21  2:06  SCV  
  22  2:08  Supply Depot  
  22  2:18  SCV  
  22  2:21  Barracks  
  23  2:30  Marine x2, SCV  
  26  2:39  Engineering Bay  
  26  2:43  SCV  
  27  2:47  Marine x2  
  27  2:49  Barracks Tech Lab  
  29  2:55  SCV  
  30  3:03  Orbital Command  
  30  3:05  Marine x2  
  30  3:09  Stimpack  
  30  3:10  Marine  
  34  3:12  SCV  
  34  3:18  Terran Infantry Weapons Level 1  
  34  3:23  Marine  
  34  3:24  Marine  
  34  3:25  Marine, SCV  
  38  3:29  SCV  
  38  3:33  Supply Depot  
  39  3:37  SCV  
  39  3:39  Missile Turret  
  40  3:41  SCV  
  40  3:42  Marine  
  40  3:43  Marine  
  40  3:46  Marine, Barracks Tech Lab  
  44  3:49  SCV  
  44  3:53  Bunker, SCV  
  46  3:59  Marine  
  46  4:01  Marine, SCV  
  49  4:08  Marine  
  49  4:09  Marine  
  50  4:12  SCV  
  50  4:14  SCV  
  51  4:18  Supply Depot  
  51  4:20  Combat Shield  
  51  4:21  Marine x2  
  53  4:24  SCV  
  53  4:26  Marine  
  53  4:27  SCV  
  53  4:28  Supply Depot  
  56  4:35  Marine  
  56  4:36  SCV  
  56  4:39  Marine, SCV  
  51  4:46  Marine  
  51  4:47  Refinery, Marine  
  51  4:48  SCV  
  51  4:50  Refinery  
  53  4:52  Marine  
  53  4:53  Factory  
  53  4:54  SCV  
  53  4:58  Marine  
  56  5:00  SCV  
  56  5:04  Marine  
  56  5:06  SCV  
  58  5:13  SCV  
  59  5:15  Marauder  
  59  5:16  Marauder  
  59  5:18  SCV  
  63  5:21  Marine, Concussive Shells  
  63  5:25  SCV  
  63  5:27  Supply Depot  
  63  5:28  Missile Turret  
  65  5:29  Marine  
  65  5:30  SCV  
  65  5:33  Supply Depot  
  67  5:37  SCV  
  67  5:39  Marine, Marauder x2  
  73  5:46  Factory Reactor  
  73  5:50  Starport  
  73  5:55  Marine  
  74  5:57  Marine  
  74  6:00  Marauder  
  74  6:01  Marauder  
  79  6:07  Command Center  
  79  6:13  Refinery, SCV x2  
  81  6:25  SCV  
  80  6:26  Barracks x2  
  80  6:28  SCV  
  80  6:31  Starport  
  81  6:36  Factory Reactor  
  81  6:37  SCV  
  82  6:40  SCV  
  82  6:45  Medivac x2  
  87  6:50  Terran Infantry Armor Level 1  
  87  6:51  Supply Depot  
  87  6:52  Supply Depot  
  87  6:55  Marine x2  
  87  6:59  SCV  
  87  7:00  SCV  
  91  7:15  Barracks Tech Lab, Barracks Reactor  
  91  7:16  SCV  
  91  7:17  Medivac x2, SCV  
  91  7:20  Orbital Command  
  97  7:24  Refinery  
  97  7:29  Marauder x2  
  101  7:30  SCV  
  101  7:32  Marine, SCV  
  101  7:33  Marine  
  105  7:38  Viking  
  105  7:41  Viking  
  109  7:48  Viking  
  110  7:53  Bunker  
  110  7:54  Bunker  
  110  7:55  Viking  
  111  8:08  Viking  
  111  8:11  Viking  
  115  8:18  Viking  
  117  8:24  SCV x2  
  117  8:25  Viking  
  119  8:34  Marine, Marauder  
  119  8:36  Orbital Command  
  119  8:38  Viking  
  124  8:45  SCV  
  125  8:52  Viking x2, Supply Depot x2, Marauder  
  125  8:53  Supply Depot  
  132  8:58  Viking  
  132  9:08  Supply Depot x2  
  132  9:13  Viking  
  132  9:14  Marine, Marauder x3  
  132  9:16  Marine  
  142  9:18  Marine  
  142  9:19  Marine  
  136  9:35  Marauder  
  136  9:37  Marine  
  121  9:39  Marine  
  95  9:47  Marine  
Show
View Real Time Build Order
Export as new Build Order

Tesla Protoss - Winner!

Build Orders: 1 Gate Expand, Oracle Opening, Colossus Rush 

Get SALT Encoding   

  12  0:00  Probe  
  13  0:12  Probe  
  14  0:18  Pylon  
  14  0:24  Probe  
  15  0:32  Probe  
  15  0:37  Gateway  
  15  0:40  Probe  
  16  0:46  Assimilator  
  17  0:51  Probe  
  18  1:03  Probe  
  19  1:15  Probe  
  20  1:23  Nexus  
  20  1:35  Cybernetics Core  
  20  1:36  Probe  
  21  1:43  Assimilator  
  21  1:44  Probe  
  22  1:57  Probe  
  22  2:00  Pylon  
  23  2:09  Adept  
  23  2:17  Warp Gate, Pylon  
  23  2:18  Probe  
  26  2:30  Probe  
  26  2:32  Shield Battery  
  27  2:40  Probe, Stargate  
  27  2:42  Stalker  
  28  2:45  Probe  
  29  2:57  Probe  
  32  3:02  Probe  
  33  3:11  Probe  
  33  3:12  Stalker  
  36  3:13  Oracle  
  36  3:14  Probe  
  37  3:23  Probe  
  41  3:28  Probe  
  42  3:34  Robotics Facility  
  42  3:35  Probe  
  42  3:40  Probe  
  44  3:45  Pylon  
  44  3:47  Probe  
  45  3:48  Stalker  
  45  3:52  Pylon  
  45  3:53  Probe  
  48  4:05  Probe  
  48  4:06  Probe  
  50  4:14  Observer  
  50  4:16  Assimilator  
  50  4:17  Assimilator  
  50  4:18  Probe x2  
  50  4:19  Gateway x2  
  53  4:27  Stalker  
  52  4:38  Immortal  
  52  4:41  Probe x2  
  54  4:53  Probe x2  
  56  5:01  Robotics Bay  
  56  5:05  Probe x2  
  56  5:06  Pylon  
  58  5:17  Probe x2, Forge  
  58  5:18  Twilight Council  
  60  5:29  Probe  
  60  5:30  Pylon  
  61  5:39  Colossus  
  61  5:40  Extended Thermal Lance  
  61  5:41  Gateway  
  61  5:44  Gateway  
  61  5:45  Protoss Ground Weapons Level 1  
  66  5:52  Sentry  
  68  5:58  Zealot  
  68  6:00  Blink  
  70  6:05  Zealot  
  72  6:12  Pylon  
  72  6:27  Stalker x3  
  76  6:33  Colossus  
  76  6:35  Pylon  
  76  6:39  Pylon  
  82  6:50  Stalker  
  82  6:51  Stalker  
  86  6:54  Pylon  
  86  7:06  Gateway  
  86  7:09  Gateway  
  86  7:18  Stalker x4  
  86  7:19  Sentry  
  86  7:20  Warp Prism  
  95  7:31  Gateway  
  95  7:45  Zealot, Sentry x2  
  95  7:46  Zealot x2  
  105  7:57  Pylon x2  
  105  8:17  Stalker x5  
  105  8:18  Stalker  
  117  8:20  Sentry  
  117  8:25  Pylon  
  119  8:49  Stalker x2  
  119  8:50  Stalker x2  
  127  9:13  Sentry  
  127  9:14  Stalker x2, Pylon  
  127  9:15  Pylon  
  127  9:16  Pylon  
  133  9:23  Pylon  
  117  9:43  Zealot x7  
  117  9:44  Zealot  
Tags
 
Add a new tag
Caveats
  • Supply blocks, unpowered buildings, or Contaminate may cause inaccurate times.
  • Supply counts are checked every 10 seconds.